 Dungeon Sprint DCSS version 0.20-a0-1042-g33e7df7 (webtiles) character file.

254 Dipster the Summoner (level 6, -1/41 HPs)
             Began as a Merfolk Summoner on Apr 24, 2017.
             Was a Follower of Fedhas.
             Shot with an arrow by a centaur warrior (4 damage)
             ... in the Dungeon (Sprint IX: "|||||||||||||||||||||||||||||").
             The game lasted 00:05:31 (618 turns).

Dipster the Summoner (Merfolk Summoner)              Turns: 618, Time: 00:05:31

Health: -1/41      AC:  6    Str:  9    XL:     6   Next: 14%
Magic:  6/15       EV: 15    Int: 16    God:    Fedhas [*.....]
Gold:   0          SH:  0    Dex: 14    Spells: 3/18 levels left

rFire    . . .     SeeInvis .   r - +4 quarterstaff (protect)
rCold    . . .     Gourm    .   (shield currently unavailable)
rNeg     . . .     Faith    .   a - +0 robe
rPois    .         Spirit   .   s - +0 helmet
rElec    .         Reflect  .   t - +0 cloak
rCorr    .         Harm     .   (no gloves)
MR       .....     NoTele   +   (no boots)
Stlth    ++........             (no amulet)
Regen    0.2/turn               v - +2 ring of evasion
MPRegen  0.2/turn               w - +2 ring of protection

@: very slightly contaminated
A: change form in water, swift swim, stealthy swim
a: Fungal Bloom, Evolution, Renounce Religion


You were in the Dungeon.
You worshipped Fedhas.
Fedhas was aware of your devotion.
You were not hungry.

You visited 1 branch

Inventory:

Hand Weapons
 k - a +0 flail
 q - a +2 halberd of distortion
 r - a +4 quarterstaff of protection (weapon)
Missiles
 x - 25 arrows
Armour
 a - a +0 robe (worn)
 s - a +0 helmet (worn)
 t - a +0 cloak (worn)
 u - a +1 chain mail
Magical Staves
 p - an uncursed staff of energy
Jewellery
 v - a +2 ring of evasion (left hand)
 w - a +2 ring of protection (right hand)
Wands
 o - a wand of acid (7/15)
Scrolls
 i - 2 scrolls of blinking
 m - 3 scrolls of remove curse
 n - 2 scrolls of amnesia
Potions
 d - 5 potions of curing
 f - a potion of haste
 g - 3 potions of magic
 h - a potion of berserk rage
Books
 b - a book of Callings

   Spells                             Type                      Level
   a - Summon Small Mammal            Summoning                    1
   b - Call Imp                       Summoning                    2
   c - Call Canine Familiar           Summoning                    3
   d - Summon Guardian Golem          Hexes/Summoning              3
   e - Summon Lightning Spire         Summoning/Air                4
   f - Summon Ice Beast               Ice/Summoning                4
Comestibles
 c - a bread ration


   Skills:
 - Level 2.6 Dodging
 - Level 2.1 Stealth
 + Level 6.8 Spellcasting
 * Level 10.7 Summonings


You had 3 spell levels left.
You knew the following spells:

 Your Spells              Type           Power        Failure   Level  Hunger
a - Summon Small Mammal   Summ           ####         1%          1    None
b - Call Canine Familiar  Summ           #####...     1%          3    ##.....
c - Summon Guardian Gole  Hex/Summ       ###.....     4%          3    ##.....
d - Summon Ice Beast      Ice/Summ       ###.....     14%         4    ####...
e - Summon Lightning Spi  Summ/Air       ###.....     14%         4    ####...


Dungeon Overview and Level Annotations

Branches:
Dungeon (1/1)

Altars:
Cheibriados
Dithmenos
Elyvilon
Fedhas
Gozag
Hepliaklqana
Kikubaaqudgha
Makhleb
Nemelex Xobeh
Okawaru
Qazlal
Ru
Sif Muna
Trog
Uskayaw
Vehumet
Wu Jian
Xom
Yredelemnul
Zin
The Shining One
Beogh
Jiyva
Lugonu


Message History

Casting: Summon Lightning Spire
Confirm with . or Enter, or press ? or * to list all spells.
A guardian golem appears, shielding your allies.
You flicker back into view.
The centaur warrior closely misses you.
The centaur warrior hits you but does no damage.
The centaur warrior wields an uncursed shortbow.
The centaur warrior shoots an arrow.
The arrow hits you.
* * * LOW HITPOINT WARNING * * *
You see here an arrow.
You swap places.
The centaur warrior shoots an arrow.
The arrow hits your guardian golem.
Things that are here:
an uncursed shortbow; a dagger; an orc skeleton The centaur warrior shoots an arrow.
The arrow hits your guardian golem.
The centaur warrior shoots an arrow.
The arrow barely misses your guardian golem.
The arrow hits you.
You die...
Fedhas appreciates your contribution to the ecosystem. ▓▓▓▓▓▓▓▓▓▓▓▓▓▓▓▓▓▓▓▓▓▓▓▓▓▓▓▓▓▓▓▓▓ __________'...).@)(8caoh(()a{h... ▓▓▓▓▓▓▓▓▓▓▓▓▓▓▓▓▓▓▓▓▓▓▓▓▓▓▓▓▓▓▓▓▓

You could see a centaur warrior, a black bear, a worker ant, an orc wizard and a friendly guardian golem.

Vanquished Creatures
  A centaur (D)
  A crimson imp (D)
  A bat (D)
3 creatures vanquished.

Vanquished Creatures (collateral kills)
  An ogre (D)
  A black bear (D)
  A big kobold (D)
  2 worker ants (D)
  A gnoll (D)
  An adder skeleton (D)
  A dart slug (D)
  An orc (D)
  A bat (D)
  A hobgoblin (D)
  A quokka (D)
  A ball python (D)
  2 frilled lizards (D)
15 creatures vanquished.

Grand Total: 18 creatures vanquished

Notes
Turn   | Place    | Note
-------+----------+-------------------------------------------
     0 | D        | Dipster the Merfolk Summoner began the quest for the Orb.
     0 | D        | Reached XP level 1. HP: 13/13 MP: 3/3
   112 | D        | Noticed an ogre
   148 | D        | Killed an ogre
   148 | D        | Reached skill level 7 in Summonings
   148 | D        | Reached XP level 2. HP: 19/19 MP: 0/7
   148 | D        | Reached XP level 3. HP: 24/24 MP: 0/8
   198 | D        | Found a roughly hewn altar of Beogh.
   198 | D        | Found a snail-covered altar of Cheibriados.
   198 | D        | Found a shadowy altar of Dithmenos.
   198 | D        | Found a white marble altar of Elyvilon.
   198 | D        | Found a blossoming altar of Fedhas.
   198 | D        | Found an opulent altar of Gozag.
   199 | D        | Found a hazy altar of Hepliaklqana.
   200 | D        | Found a viscous altar of Jiyva.
   201 | D        | Found an ancient bone altar of Kikubaaqudgha.
   202 | D        | Found a corrupted altar of Lugonu.
   203 | D        | Found a burning altar of Makhleb.
   204 | D        | Found a sparkling altar of Nemelex Xobeh.
   205 | D        | Became a worshipper of Fedhas Madash
   206 | D        | Found an iron altar of Okawaru.
   207 | D        | Found a stormy altar of Qazlal.
   208 | D        | Found a sacrificial altar of Ru.
   209 | D        | Found a deep blue altar of Sif Muna.
   210 | D        | Found a bloodstained altar of Trog.
   211 | D        | Found a hide-covered altar of Uskayaw.
   212 | D        | Found a radiant altar of Vehumet.
   213 | D        | Found an ornate altar of the Wu Jian Council.
   214 | D        | Found a shimmering altar of Xom.
   215 | D        | Found a basalt altar of Yredelemnul.
   216 | D        | Found a glowing silver altar of Zin.
   237 | D        | Found a glowing golden altar of the Shining One.
   306 | D        | Learned a level 3 spell: Call Canine Familiar
   310 | D        | Learned a level 3 spell: Summon Guardian Golem
   314 | D        | Noticed a centaur
   314 | D        | Noticed a black bear
   340 | D        | Reached skill level 8 in Summonings
   340 | D        | Reached XP level 4. HP: 30/30 MP: 5/10
   349 | D        | Killed a centaur
   349 | D        | Reached skill level 5 in Spellcasting
   349 | D        | Reached skill level 9 in Summonings
   349 | D        | Reached XP level 5. HP: 22/35 MP: 3/13
   353 | D        | Killed a black bear
   353 | D        | Reached skill level 10 in Summonings
   537 | D        | Reached * piety under Fedhas
   565 | D        | Learned a level 4 spell: Summon Ice Beast
   570 | D        | Learned a level 4 spell: Summon Lightning Spire
   570 | D        | Noticed a big kobold
   570 | D        | Noticed a centaur warrior
   570 | D        | Noticed a black bear
   580 | D        | Killed a big kobold
   580 | D        | Reached XP level 6. HP: 39/41 MP: 11/15
   595 | D        | HP: 2/41 [centaur warrior/arrow (17)]
   618 | D        | Shot with an arrow by a centaur warrior

Vault maps used:
D:        linesprint

Skill      XL: |  1  2  3  4  5 |
---------------+----------------+-----
Spellcasting   | 4 5 6 |  6.8
Summonings     | 7 8 9 10 | 10.7
Dodging        | |  2.6
Stealth        | |  2.1

Action                   |  1- 3 |  4- 6 || total
-------------------------+-------+-------++-------
Melee: Unarmed           |     8 |       ||     8
       Quarterstaff      |    10 |    10 ||    20
 Cast: Summon Small Mamm |    19 |       ||    19
       Call Canine Famil |     1 |     2 ||     3
       Summon Guardian G |     1 |     1 ||     2
       Summon Ice Beast  |       |     3 ||     3
  Use: Potion            |     1 |     4 ||     5
Armor: Robe              |    13 |     4 ||    17
Dodge: Dodged            |    18 |    18 ||    36
